TOP OF THE 1ST |
Texas Academy Reds batting - Pitching for Pacific Academy Whites : LHP Kermit Ivey
|
Pitching: LHP Kermit Ivey
|
|
Batting: RHB Warner Canadyne
|
0-0: Ball 1-0: Called Strike 1-1: Called Strike 1-2: Ball 2-2: Ball 3-2: Foul Ball, location: 9LSF 3-2: Base on Balls
|
Batting: RHB Connie Beswick
|
0-0: Bunted foul 0-1: Sac Bunt to 3S - play at first, batter OUT! 3-4 Warner Canadyne to second
|
Batting: SHB Marshall Adams
|
0-0: Ball 1-0: Ball 2-0: SINGLE (Line Drive, 78S, EV 91.3 MPH) Warner Canadyne to third
|
Batting: RHB George Wrixon
|
0-0: Called Strike 0-1: Foul Ball, location: 2F 0-2: Foul Ball, location: 3DF 0-2: Strikes out swinging
|
Batting: RHB Alfred Lampard
|
0-0: Ball 1-0: Ball 2-0: Called Strike 2-1: Ball 3-1: Base on Balls Marshall Adams to second
|
Batting: RHB Gerardo Hawksworth
|
0-0: Swinging Strike 0-1: Swinging Strike 0-2: Ball 1-2: Ball 2-2: Ball 3-2: TRIPLE (Line Drive, 89XD, EV 106.9 MPH) Warner Canadyne scores Marshall Adams scores Alfred Lampard scores
|
Batting: RHB Lucian Proffitt
|
0-0: Ball 1-0: Ball 2-0: Foul Ball, location: 9LSF 2-1: Called Strike 2-2: Ball 3-2: Ground out 3-1 (Groundball, 34S, EV 89.4 MPH)
|
Top of the 1st over - 3 runs, 2 hits, 0 errors, 1 left on base; Texas Academy 3 - Pacific Academy 0 |
BOTTOM OF THE 1ST |
Pacific Academy Whites batting - Pitching for Texas Academy Reds : RHP Anthony Margerson
|
Pitching: RHP Anthony Margerson
|
|
Batting: LHB Buster Day
|
0-0: Ball 1-0: Ball 2-0: Fly out, F8 (Flyball, 78D, EV 110.6 MPH)
|
Batting: RHB Sim Prebble
|
0-0: Fly out, F6 (Popup, 6MS, EV 65.6 MPH)
|
Batting: SHB Arthur Richardson
|
0-0: Ball 1-0: Foul Ball, location: 25F 1-1: Ground out U3 (Groundball, 3, EV 77.5 MPH)
|
Bottom of the 1st over - 0 runs, 0 hits, 0 errors, 0 left on base; Texas Academy 3 - Pacific Academy 0 |
TOP OF THE 2ND |
Texas Academy Reds batting - Pitching for Pacific Academy Whites : LHP Kermit Ivey
|
Batting: RHB Grant Anderson
|
0-0: Ball 1-0: Ball 2-0: Ball 3-0: Called Strike 3-1: Fly out, F8 (Flyball, 8RM, EV 95.0 MPH)
|
Batting: RHB Anthony Margerson
|
0-0: Ball 1-0: Ground out 1-3 (Groundball, 13, EV 66.9 MPH)
|
Batting: RHB Warner Canadyne
|
0-0: Ball 1-0: Ground out 5-3 (Groundball, 56S, EV 89.4 MPH)
|
Top of the 2nd over - 0 runs, 0 hits, 0 errors, 0 left on base; Texas Academy 3 - Pacific Academy 0 |
BOTTOM OF THE 2ND |
Pacific Academy Whites batting - Pitching for Texas Academy Reds : RHP Anthony Margerson
|
Batting: RHB Wallace Harding
|
0-0: Called Strike 0-1: Ball 1-1: Swinging Strike 1-2: Ball 2-2: Foul Ball, location: 9LSF 2-2: Foul Ball, location: 5FF 2-2: Foul Ball, location: 2F 2-2: Foul Ball, location: 2F 2-2: Ground out 6-3 (Groundball, 6, EV 78.8 MPH)
|
Batting: RHB Gilbert Walker
|
0-0: Called Strike 0-1: Ball 1-1: Ball 2-1: Ball 3-1: Foul Ball, location: 25F 3-2: Base on Balls
|
Batting: SHB John Grimsdell
|
0-0: Swinging Strike 0-1: Ball Gilbert Walker is caught stealing 2nd base 2-6 1-1: Called Strike 1-2: Ball 2-2: Foul Ball, location: 7LSF 2-2: Foul Ball, location: 2F 2-2: Foul Ball, location: 2F 2-2: TRIPLE (Flyball, 89XD, EV 105.6 MPH)
|
Batting: LHB Bishop Robinson
|
0-0: Called Strike 0-1: Called Strike 0-2: Ball 1-2: Ball 2-2: SINGLE (Groundball, 4MD, EV 105.6 MPH) John Grimsdell scores
|
Batting: RHB Thomas Jarvis
|
0-0: SINGLE (Groundball, 5D, EV 95.0 MPH) Bishop Robinson to second
|
Batting: RHB Kermit Ivey
|
0-0: Ball 1-0: Ball 2-0: Ball 3-0: Called Strike 3-1: Called Strike 3-2: Strikes out looking
|
Bottom of the 2nd over - 1 run, 3 hits, 0 errors, 2 left on base; Texas Academy 3 - Pacific Academy 1 |
TOP OF THE 3RD |
Texas Academy Reds batting - Pitching for Pacific Academy Whites : LHP Kermit Ivey
|
Batting: RHB Connie Beswick
|
0-0: Ball 1-0: Called Strike 1-1: Ball 2-1: Called Strike 2-2: Ground out 4-3 (Groundball, 4S, EV 63.8 MPH)
|
Batting: SHB Marshall Adams
|
0-0: Ball 1-0: Ball 2-0: Ball 3-0: Base on Balls
|
Batting: RHB George Wrixon
|
0-0: Ball 1-0: Ball 2-0: Ball 3-0: Fielders Choice at 2nd, 4-6 (Groundball, 4S, EV 86.3 MPH)
|
Batting: RHB Alfred Lampard
|
0-0: Ball 1-0: Fielders Choice at 2nd, 6-4 (Groundball, 6, EV 86.9 MPH)
|
Top of the 3rd over - 0 runs, 0 hits, 0 errors, 1 left on base; Texas Academy 3 - Pacific Academy 1 |
BOTTOM OF THE 3RD |
Pacific Academy Whites batting - Pitching for Texas Academy Reds : RHP Anthony Margerson
|
Batting: LHB Buster Day
|
0-0: Swinging Strike 0-1: Fly out, F4 (Popup, 4M, EV 68.8 MPH)
|
Batting: RHB Sim Prebble
|
0-0: Ball 1-0: Foul Ball, location: 2F 1-1: Ground out 4-3 (Groundball, 4, EV 79.4 MPH)
|
Batting: SHB Arthur Richardson
|
0-0: Ball 1-0: Called Strike 1-1: Ball 2-1: Ball 3-1: Base on Balls
|
Batting: RHB Wallace Harding
|
0-0: Called Strike 0-1: Ball 1-1: Ball 2-1: Fielders Choice at 2nd, 5-4 (Groundball, 56, EV 76.9 MPH)
|
Bottom of the 3rd over - 0 runs, 0 hits, 0 errors, 1 left on base; Texas Academy 3 - Pacific Academy 1 |
TOP OF THE 4TH |
Texas Academy Reds batting - Pitching for Pacific Academy Whites : LHP Kermit Ivey
|
Batting: RHB Gerardo Hawksworth
|
0-0: Ball 1-0: Ball 2-0: TRIPLE (Line Drive, 89XD, EV 106.3 MPH)
|
Batting: RHB Lucian Proffitt
|
0-0: Called Strike 0-1: SINGLE (Line Drive, 34D, EV 107.5 MPH) Gerardo Hawksworth scores
|
Batting: RHB Grant Anderson
|
0-0: Ball 1-0: Ball 2-0: Fly out, F6 (Line Drive, 6, EV 71.9 MPH)
|
Batting: RHB Anthony Margerson
|
0-0: Ball 1-0: Ball 2-0: Reached on error, E1 (Groundball, 13, EV 51.9 MPH) Lucian Proffitt to second
|
Batting: RHB Warner Canadyne
|
0-0: Ball 1-0: Called Strike 1-1: SINGLE (Line Drive, 78M, EV 93.1 MPH) Lucian Proffitt to third Anthony Margerson to second
|
Batting: RHB Connie Beswick
|
0-0: Ball 1-0: Foul Ball, location: 2F 1-1: Swinging Strike 1-2: Ball 2-2: Foul Ball, location: 2F 2-2: Foul Ball, location: 3SF 2-2: SINGLE (Flyball, 56D, EV 88.8 MPH) Lucian Proffitt scores Anthony Margerson to third Warner Canadyne to second
|
Batting: SHB Marshall Adams
|
0-0: Grounds into fielders choice 5-2 (Groundball, 5L, EV 88.8 MPH) Warner Canadyne to third Connie Beswick to second
|
Batting: RHB George Wrixon
|
0-0: Fly out, F7 (Flyball, 7LS, EV 78.1 MPH)
|
Top of the 4th over - 2 runs, 4 hits, 1 error, 3 left on base; Texas Academy 5 - Pacific Academy 1 |
BOTTOM OF THE 4TH |
Pacific Academy Whites batting - Pitching for Texas Academy Reds : RHP Anthony Margerson
|
Batting: RHB Gilbert Walker
|
0-0: Ball 1-0: Ball 2-0: Ball 3-0: Base on Balls
|
Batting: SHB John Grimsdell
|
0-0: Called Strike 0-1: Ball Gilbert Walker is caught stealing 2nd base 2-6 1-1: Fly out, F6 (Line Drive, 6, EV 70.6 MPH)
|
Batting: LHB Bishop Robinson
|
0-0: SINGLE (Groundball, 4MD, EV 95.0 MPH)
|
Batting: RHB Thomas Jarvis
|
0-0: Ball 1-0: Foul Ball, location: 5DF 1-1: Called Strike 1-2: Ground out 6-3 (Groundball, 6, EV 78.8 MPH)
|
Bottom of the 4th over - 0 runs, 1 hit, 0 errors, 1 left on base; Texas Academy 5 - Pacific Academy 1 |
TOP OF THE 5TH |
Texas Academy Reds batting - Pitching for Pacific Academy Whites : LHP Kermit Ivey
|
Batting: RHB Alfred Lampard
|
0-0: Ball 1-0: Called Strike 1-1: Fly out, F6 (Line Drive, 6M, EV 71.3 MPH)
|
Batting: RHB Gerardo Hawksworth
|
0-0: Ball 1-0: Ball 2-0: Called Strike 2-1: Called Strike 2-2: Ball 3-2: SINGLE (Groundball, 4MD, EV 104.4 MPH)
|
Batting: RHB Lucian Proffitt
|
0-0: Fly out, F3 (Popup, 3F, EV 59.4 MPH)
|
Batting: RHB Grant Anderson
|
0-0: Ball 1-0: Called Strike 1-1: Ball 2-1: Ball 3-1: Foul Ball, location: 2F 3-2: Foul Ball, location: 2F 3-2: SINGLE (Line Drive, 78S, EV 97.5 MPH) Gerardo Hawksworth to second Gerardo Hawksworth to third
|
Batting: RHB Anthony Margerson
|
0-0: Called Strike 0-1: Fly out, F9 (Line Drive, 9, EV 100.6 MPH)
|
Top of the 5th over - 0 runs, 2 hits, 0 errors, 2 left on base; Texas Academy 5 - Pacific Academy 1 |
BOTTOM OF THE 5TH |
Pacific Academy Whites batting - Pitching for Texas Academy Reds : RHP Anthony Margerson
|
Pinch Hitting: LHB Ansel Fain
|
0-0: Foul Ball, location: 5SF 0-1: Ball 1-1: Ball 2-1: Ball 3-1: Called Strike 3-2: Ground out U3 (Groundball, 34, EV 107.5 MPH)
|
Batting: LHB Buster Day
|
0-0: SINGLE (Line Drive, 78S, EV 91.9 MPH)
|
Batting: RHB Sim Prebble
|
0-0: Called Strike Buster Day steals 2nd base 0-1: Ball 1-1: Foul Ball, location: 7LMF 1-2: Foul Ball, location: 2F 1-2: Foul Ball, location: 23F 1-2: Ground out U3 (Groundball, 34S, EV 91.9 MPH) Buster Day to third
|
Batting: SHB Arthur Richardson
|
0-0: Ball 1-0: Foul Ball, location: 2LF 1-1: Swinging Strike 1-2: Strikes out swinging
|
Bottom of the 5th over - 0 runs, 1 hit, 0 errors, 1 left on base; Texas Academy 5 - Pacific Academy 1 |
TOP OF THE 6TH |
Texas Academy Reds batting - Pitching for Pacific Academy Whites : LHP Kermit Ivey
|
Pitching: LHP John Joss
|
|
Batting: RHB Warner Canadyne
|
0-0: Called Strike 0-1: Ball 1-1: Fly out, F9 (Line Drive, 89S, EV 91.9 MPH)
|
Batting: RHB Connie Beswick
|
0-0: Ball 1-0: Ground out 5-3 (Groundball, 56S, EV 70.0 MPH)
|
Batting: SHB Marshall Adams
|
0-0: Swinging Strike 0-1: Ball 1-1: Swinging Strike 1-2: Ground out 5-3 (Groundball, 5L, EV 81.3 MPH)
|
Top of the 6th over - 0 runs, 0 hits, 0 errors, 0 left on base; Texas Academy 5 - Pacific Academy 1 |
BOTTOM OF THE 6TH |
Pacific Academy Whites batting - Pitching for Texas Academy Reds : RHP Anthony Margerson
|
Batting: RHB Wallace Harding
|
0-0: Ball 1-0: Called Strike 1-1: Fly out, F8 (Flyball, 8LD, EV 98.8 MPH)
|
Batting: RHB Gilbert Walker
|
0-0: Called Strike 0-1: Foul Ball, location: 7LMF 0-2: Foul Ball, location: 5DF 0-2: Ground out 6-3 (Groundball, 6M, EV 96.3 MPH)
|
Batting: SHB John Grimsdell
|
0-0: Ball 1-0: Ball 2-0: Ball 3-0: Called Strike 3-1: Base on Balls
|
Batting: LHB Bishop Robinson
|
0-0: Ball John Grimsdell is caught stealing 2nd base 2-6
|
Bottom of the 6th over - 0 runs, 0 hits, 0 errors, 0 left on base; Texas Academy 5 - Pacific Academy 1 |
TOP OF THE 7TH |
Texas Academy Reds batting - Pitching for Pacific Academy Whites : LHP John Joss
|
Batting: RHB George Wrixon
|
0-0: Ball 1-0: Ball 2-0: Ball 3-0: Base on Balls
|
Batting: RHB Alfred Lampard
|
0-0: Called Strike 0-1: Swinging Strike 0-2: Ball 1-2: Ground out 5-3 (Groundball, 56S, EV 67.5 MPH) George Wrixon to second
|
Batting: RHB Gerardo Hawksworth
|
0-0: Intentional Walk
|
Batting: RHB Lucian Proffitt
|
0-0: Grounds into double play, 5-4-3 (Groundball, 56, EV 87.5 MPH)
|
Top of the 7th over - 0 runs, 0 hits, 0 errors, 1 left on base; Texas Academy 5 - Pacific Academy 1 |
BOTTOM OF THE 7TH |
Pacific Academy Whites batting - Pitching for Texas Academy Reds : RHP Anthony Margerson
|
Batting: LHB Bishop Robinson
|
0-0: Ball 1-0: Called Strike 1-1: SINGLE (Groundball, 6MD, EV 105.0 MPH)
|
Pinch Hitting: RHB James Bunyan
|
0-0: Ball Bishop Robinson is caught stealing 2nd base 2-4 1-0: Fly out, F5 (Popup, 56, EV 77.5 MPH)
|
Pinch Hitting: RHB Floyd Ruston
|
0-0: Ball 1-0: Ball 2-0: Ground out 6-3 (Groundball, 6M, EV 85.0 MPH)
|
Bottom of the 7th over - 0 runs, 1 hit, 0 errors, 0 left on base; Texas Academy 5 - Pacific Academy 1 |
TOP OF THE 8TH |
Texas Academy Reds batting - Pitching for Pacific Academy Whites : LHP John Joss
|
Pitching: RHP Sigmund Exelby
|
|
Now at 2B: Herman Mander
|
|
Batting: RHB Grant Anderson
|
0-0: Called Strike 0-1: Ball 1-1: Swinging Strike 1-2: SINGLE (Line Drive, 6D, EV 99.4 MPH)
|
Pinch Hitting: LHB Caleb Cumberledge
|
0-0: Ball 1-0: Fly out, F7 (Flyball, 78S, EV 93.1 MPH)
|
Batting: RHB Warner Canadyne
|
0-0: Called Strike 0-1: Ball 1-1: Swinging Strike 1-2: Ball 2-2: Foul Ball, location: 23FF 2-2: Ball 3-2: Base on Balls Grant Anderson to second
|
Batting: RHB Connie Beswick
|
0-0: Ground out 6-3 (Groundball, 4MS, EV 81.3 MPH) Grant Anderson to third Warner Canadyne to second
|
Batting: SHB Marshall Adams
|
0-0: Called Strike 0-1: Ball 1-1: SINGLE (Groundball, 6MD, EV 95.0 MPH) Grant Anderson scores Warner Canadyne to third
|
Batting: RHB George Wrixon
|
0-0: Fielders Choice at 2nd, 6-4 (Groundball, 56, EV 90.0 MPH)
|
Top of the 8th over - 1 run, 2 hits, 0 errors, 2 left on base; Texas Academy 6 - Pacific Academy 1 |
BOTTOM OF THE 8TH |
Pacific Academy Whites batting - Pitching for Texas Academy Reds : RHP Anthony Margerson
|
Pitching: RHP Dana Tovey
|
|
Batting: LHB Buster Day
|
0-0: Called Strike 0-1: Foul Ball, location: 3FF 0-2: Strikes out swinging
|
Batting: RHB Sim Prebble
|
0-0: Called Strike 0-1: Ball 1-1: Swinging Strike 1-2: Fly out, F3 (Popup, 34S, EV 79.4 MPH)
|
Batting: SHB Arthur Richardson
|
0-0: Called Strike 0-1: Foul Ball, location: 5F 0-2: Foul Ball, location: 9LDF 0-2: Ball 1-2: Foul Ball, location: 2F 1-2: Foul Ball, location: 2LF 1-2: Strikes out swinging
|
Bottom of the 8th over - 0 runs, 0 hits, 0 errors, 0 left on base; Texas Academy 6 - Pacific Academy 1 |
TOP OF THE 9TH |
Texas Academy Reds batting - Pitching for Pacific Academy Whites : RHP Sigmund Exelby
|
Pinch Hitting: LHB Andre Harrison
|
0-0: Called Strike 0-1: Swinging Strike 0-2: Ball 1-2: Ground out 6-3 (Groundball, 6, EV 91.3 MPH)
|
Batting: RHB Gerardo Hawksworth
|
0-0: Called Strike 0-1: Swinging Strike 0-2: Ball 1-2: Ball 2-2: Ball 3-2: Ground out 5-3 (Groundball, 56S, EV 68.1 MPH)
|
Batting: RHB Lucian Proffitt
|
0-0: Ground out 4-3 (Groundball, 4M, EV 80.6 MPH)
|
Top of the 9th over - 0 runs, 0 hits, 0 errors, 0 left on base; Texas Academy 6 - Pacific Academy 1 |
BOTTOM OF THE 9TH |
Pacific Academy Whites batting - Pitching for Texas Academy Reds : RHP Dana Tovey
|
Now at C: Horace Ilderton
|
|
Batting: RHB Wallace Harding
|
0-0: Ball 1-0: SINGLE (Groundball, 3D, EV 103.1 MPH)
|
Batting: RHB Gilbert Walker
|
0-0: Ball 1-0: Fielders Choice at 2nd, 5-4 (Groundball, 5, EV 104.4 MPH)
|
Batting: SHB John Grimsdell
|
0-0: Called Strike 0-1: Foul Ball, location: 5F 0-2: Foul Ball, location: 7LMF 0-2: Fielders Choice at 2nd, 6-4 (Groundball, 56, EV 96.3 MPH)
|
Pinch Hitting: RHB Kenneth Egglestone
|
0-0: Called Strike 0-1: Ball 1-1: Ball 2-1: Ball 3-1: Foul Ball, location: 9LSF 3-2: Base on Balls John Grimsdell to second
|
Batting: RHB Herman Mander
|
0-0: Ball 1-0: Ball 2-0: Fly out, F3 (Line Drive, 3D, EV 71.9 MPH)
|
Bottom of the 9th over - 0 runs, 1 hit, 0 errors, 2 left on base; Texas Academy 6 - Pacific Academy 1 |
|